 Dungeon Crawl Stone Soup version 0.19-a0-1922-g1e9a4c1 (console) character file.

7957 Moskito the Basher (level 11, -2/84 HPs)
             Began as a Human Fighter on Oct 24, 2016.
             Was a Believer of the Shining One.
             Slain by a sixfirhy (11 damage)
             ... summoned by an orc high priest
             ... on level 1 of the Orcish Mines.
             The game lasted 01:31:10 (10108 turns).

Moskito the Basher (Human Fighter)                 Turns: 10108, Time: 01:31:11

Health: -2/84      AC: 24    Str: 19    XL:     11   Next: 46%
Magic:  11/11      EV:  5    Int:  8    God:    the Shining One [**....]
Gold:   622        SH: 11    Dex: 12    Spells: 0 memorised, 10 levels left

rFire  . . .     SeeInvis .     r - +6 whip (holy)
rCold  + . .     Gourm    .     m - +0 plate armour
rNeg   + . .     Faith    .     c - +0 shield
rPois  .         Spirit   .     w - +1 helmet
rElec  .         Reflect  .     T - +2 cloak {MR+}
rCorr  .         Harm     .     O - +0 pair of gloves
MR     ++...     Rnd*Rage +     P - +2 pair of boots
Stlth  ..........               (no amulet)
                                (no ring)
                                n - ring of protection from magic

@: very slightly contaminated, glowing
A: berserk 1, clumsy 1, cold resistance 1
a: Divine Shield, Renounce Religion


You were on level 1 of the Orcish Mines.
You worshipped the Shining One.
The Shining One was pleased with you.
You were not hungry.

You visited 3 branches of the dungeon, and saw 11 of its levels.

You collected 622 gold pieces.

Inventory:

Hand Weapons
 g - a +0 hunting sling of velocity
 k - a +0 whip of freezing
 o - a +1 mace of protection
 r - a +6 whip of holy wrath (weapon)
 t - a +3 mace
 y - a +4 whip
 F - a +2 long sword of slicing
 X - a +2 mace of protection
Missiles
 i - 273 stones
 z - 5 steel tomahawks
 G - 16 tomahawks (quivered)
 H - 3 tomahawks of returning
 J - 5 javelins
 N - 3 throwing nets
Armour
 c - a +0 shield (worn)
 m - a +0 plate armour (worn)
 w - a +1 helmet (worn)
 O - a +0 pair of gloves (worn)
 P - a +2 pair of boots (worn)
 T - a +2 cloak of magic resistance (worn)
 W - a +0 leather armour of fire resistance
Magical Staves
 D - an uncursed staff of conjuration {unknown}
 L - an uncursed staff of air {unknown}
Jewellery
 n - a ring of protection from magic (left hand)
Wands
 d - a wand of enslavement (4/24)
 I - a wand of polymorph (3/24)
 S - a wand of random effects (27/48)
Scrolls
 e - 3 scrolls of teleportation
 p - a scroll of recharging
 B - 3 scrolls of remove curse
 E - 2 scrolls of magic mapping
 V - a scroll of summoning {unknown}
 Z - a scroll of identify
Potions
 a - a potion of agility
 h - 3 potions of flight
 q - 3 potions of curing
 s - a potion of haste
 u - 2 potions of ambrosia
 v - 2 potions of invisibility
 Q - a potion of berserk rage
 Y - a potion of lignification
Books
 b - a book of Conjurations

   Spells                             Type                      Level
   a - Magic Dart                     Conjuration                  1
   b - Searing Ray                    Conjuration                  2
   c - Dazzling Spray                 Conjuration/Hexes            3
   d - Fulminant Prism                Conjuration/Hexes            4
   e - Iskenderun's Mystic Blast      Conjuration                  4
   f - Iskenderun's Battlesphere      Conjuration/Charms           5
 j - a book of the Warp

   Spells                             Type                      Level
   a - Gell's Gravitas                Hexes/Translocation          3
   b - Portal Projectile              Translocation                3
   c - Force Lance                    Conjuration/Translocation    4
   d - Dispersal                      Translocation                6
   e - Controlled Blink               Translocation                8
   f - Disjunction                    Translocation                8
Comestibles
 f - 11 bread rations
 l - 4 slices of pizza
 U - 2 meat rations


   Skills:
 + Level 7.2 Fighting
   Level 2.4 Short Blades
 + Level 10.5 Maces & Flails
 + Level 2.4 Throwing
 + Level 8.1 Armour
 + Level 2.2 Dodging
 + Level 1.9 Stealth
 + Level 8.3 Shields
 + Level 0.6 Evocations


You had 10 spell levels left.
You didn't know any spells.

Dungeon Overview and Level Annotations

Branches:
Dungeon (9/15)             Temple (1/1) D:6             Orc (1/2) D:9
   Lair: D:8-11

Altars:
Ashenzari
Fedhas
Ru
Xom
The Shining One

Shops:
D:4 }


Innate Abilities, Weirdness & Mutations

You tend to lose your temper in combat.
You are clumsy. (Dex -2)
Your flesh is cold resistant. (rC+)


Message History

The orc warrior hits you with a dire flail.
You hit the orc warrior.
You kill the orc warrior!
You hit the ufetubus.
The ufetubus convulses.
You kill the ufetubus!
The orc priest invokes the aid of Beogh against you.
Beogh smites you!
Your plate armour prevents you from hitting the ufetubus.
The sixfirhy hits you. The sixfirhy shocks you!
The sixfirhy hits you but does no damage.
The sixfirhy completely misses you. You block the sixfirhy's attack.
The sixfirhy hits you. The sixfirhy shocks you!
* * * LOW HITPOINT WARNING * * *
Blink to where?
Press: ? - help, Dir - move target cursor, p - orc priest You are very lightly contaminated with residual magic.
As you read the scroll of blinking, it crumbles to dust.
The sixfirhy hits you!
* * * LOW HITPOINT WARNING * * *
The sixfirhy shocks you!
You die...

#.. ####...#........## ##
##.###.#..........#
#....#..#........##
##.................
##..........###.##...##
#...#......#.#........#.
##..####.................
#...# #..........#.#....
##.#####.............#...
####.#.3................
##....@.............>..
##.......#..............
#...##.)..#.............
##..#...................
##......................
#........#.#............
##.#.##...##............
#######.##...#.#.......
####.....#.......
##.....#......
###.#..#.#.[..#


You could see a sixfirhy.

Vanquished Creatures
  Pikel (D:6)
  A troll (Orc:1)
  A two-headed ogre (D:8)
  Sigmund (D:3)
  A spriggan (D:7)
  18 yaks (D:9)
  3 wargs
  The ghost of IsvaffelMax the Digger, an amateur OpEE (D:4)
  2 water moccasins
  A sky beast (D:5)
  2 phantoms
  4 orc warriors (Orc:1)
  2 ice beasts
  A black bear (D:8)
  A necrophage (D:7)
  7 ogres
  2 bullfrogs
  A big kobold (D:8)
  Blork the orc (D:6)
  A scorpion (D:4)
  2 crimson imps (D:6)
  A bullfrog zombie (D:5)
  A hound (D:3)
  Crazy Yiuf (D:7)
  2 jellies (D:9)
  5 orc priests
  A centaur skeleton (D:9)
  11 orc wizards
  6 iguanas
  4 worker ants
  A hound zombie (D:7)
  A hound skeleton (D:7)
  9 adders
  27 gnolls
  A river rat (D:4)
  2 shadow imps
  An adder zombie (D:5)
  8 worms
  2 dart slugs (D:1)
  5 leopard geckos
  38 orcs
  8 giant cockroaches
  7 goblins
  13 hobgoblins
  10 kobolds
  4 quokkas
  4 ball pythons
  9 bats
  8 frilled lizards (D:1)
  9 rats
253 creatures vanquished.

Vanquished Creatures (others)
  A yak (D:9)
  Menkaure (D:7)
  A slave (D:7)
  A bullfrog (D:7)
  A crimson imp (D:7)
  A gnoll (D:6)
6 creatures vanquished.

Grand Total: 259 creatures vanquished

Notes
Turn   | Place    | Note
-------+----------+-------------------------------------------
     0 | D:1      | Moskito the Human Fighter began the quest for the Orb.
     0 | D:1      | Reached XP level 1. HP: 18/18 MP: 1/1
   140 | D:1      | Reached XP level 2. HP: 22/24 MP: 2/2
   527 | D:1      | Reached XP level 3. HP: 12/29 MP: 3/3
  1456 | D:2      | Reached XP level 4. HP: 35/35 MP: 4/4
  1548 | D:2      | Reached skill level 1 in Maces & Flails
  1726 | D:2      | Reached XP level 5. HP: 18/41 MP: 5/5
  2022 | D:2      | Reached skill level 2 in Maces & Flails
  2802 | D:3      | Noticed Sigmund
  2868 | D:3      | Killed Sigmund
  2868 | D:3      | Reached skill level 3 in Maces & Flails
  2868 | D:3      | Reached skill level 1 in Dodging
  2868 | D:3      | Reached XP level 6. HP: 44/48 MP: 6/6
  3007 | D:3      | Reached XP level 7. HP: 48/54 MP: 7/7
  3799 | D:4      | Reached skill level 4 in Maces & Flails
  3980 | D:4      | Found Emakhlahi's Gadget Shop.
  4079 | D:4      | Noticed IsvaffelMax's ghost (amateur OpEE)
  4169 | D:4      | Killed IsvaffelMax's ghost
  4169 | D:4      | Reached XP level 8. HP: 60/60 MP: 8/8
  4399 | D:4      | Reached skill level 5 in Maces & Flails
  4399 | D:4      | Reached skill level 5 in Armour
  4399 | D:4      | Reached skill level 5 in Shields
  4525 | D:4      | Reached skill level 1 in Throwing
  4546 | D:5      | Entered Level 5 of the Dungeon
  4672 | D:5      | HP: 3/60 [something (13)]
  6181 | D:6      | Noticed Blork the orc
  6194 | D:6      | Killed Blork the orc
  6194 | D:6      | Reached skill level 6 in Maces & Flails
  6195 | D:6      | Found a staircase to the Ecumenical Temple.
  6208 | D:6      | Reached XP level 9. HP: 67/67 MP: 9/9
  6232 | Temple   | Entered the Ecumenical Temple
  6239 | Temple   | Became a worshipper of the Shining One
  6299 | D:6      | Reached skill level 1 in Stealth
  6629 | D:6      | Reached skill level 5 in Fighting
  6922 | D:7      | Noticed Pikel
  6951 | D:6      | Killed Pikel
  6951 | D:6      | Reached skill level 7 in Maces & Flails
  7256 | D:7      | Found a shattered altar of Ashenzari.
  7325 | D:7      | Reached * piety under the Shining One
  7581 | D:7      | Reached XP level 10. HP: 75/75 MP: 10/10
  7598 | D:7      | Killed Menkaure
  7787 | D:7      | Found a runed door.
  7791 | D:7      | Noticed Crazy Yiuf
  7797 | D:7      | Killed Crazy Yiuf
  7932 | D:8      | Reached skill level 8 in Maces & Flails
  7936 | D:8      | Found a sacrificial altar of Ru.
  8507 | D:8      | Gained mutation: You are clumsy. (Dex -2) [potion of mutation]
  8507 | D:8      | Gained mutation: You tend to lose your temper in combat. [potion of mutation]
  8507 | D:8      | Gained mutation: Your flesh is cold resistant. (rC+) [potion of mutation]
  8781 | D:9      | Reached skill level 9 in Maces & Flails
  8985 | D:9      | Reached XP level 11. HP: 80/83 MP: 11/11
  9128 | D:9      | Found a staircase to the Orcish Mines.
  9177 | D:9      | Reached skill level 10 in Maces & Flails
  9488 | Orc:1    | Entered Level 1 of the Orcish Mines
  9568 | Orc:1    | Reached ** piety under the Shining One
 10065 | Orc:1    | Noticed an orc high priest
 10085 | Orc:1    | Noticed a sixfirhy
 10108 | Orc:1    | Slain by a sixfirhy

Vault maps used:
D:1:      dpeg_arrival_stone_temple_mockup, minmay_lizard_king
D:3:      first_bread, uniq_sigmund
D:4:      serial_shops, shop, portal_sewer_entry_c
D:5:      lemuel_ice_spiral_2, st_stairs_7
D:6:      uniq_blork_the_orc
D:7:      the_bakery, minivault_25, interstate_on_off,
          cheibrodos_ashenzari_chains, uniq_menkaure, uniq_pikel,
          uniq_crazy_yiuf_cottage
D:8:      basic_altar
D:9:      minmay_orc_entry_guard_dogs
Temple:   minmay_crystal_snake_temple

Skill      XL: |  1  2  3  4  5  6  7  8  9 10 11 |
---------------+----------------------------------+-----
Maces & Flails | 1 3 4 6 7 9 10 | 10.5
Armour         | 4 5 6 7 8 |  8.1
Dodging        | 1 2 |  2.2
Shields        | 4 5 6 7 8 |  8.3
Fighting       | 4 5 6 7 |  7.2
Throwing       | 1 2 |  2.4
Stealth        | 1 |  1.9
Short Blades   | |  2.4
Evocations     | |  0.6

Action                   |  1- 3 |  4- 6 |  7- 9 | 10-12 || total
-------------------------+-------+-------+-------+-------++-------
Melee: Rapier            |    48 |       |       |       ||    48
       Spear             |    27 |       |       |       ||    27
       Mace              |    60 |   132 |       |       ||   192
       Whip              |       |    50 |   506 |   427 ||   983
Throw: Stone             |     2 |    32 |     8 |       ||    42
       Tomahawk          |       |       |    13 |    19 ||    32
       Javelin           |       |       |    10 |       ||    10
Evoke: Wand              |       |       |       |     1 ||     1
  Use: Scroll            |     2 |     9 |    15 |     2 ||    28
       Potion            |       |     1 |     4 |     4 ||     9
  Eat: Chunk             |     1 |     2 |     9 |     1 ||    13
       Bread ration      |     1 |       |       |       ||     1
       Royal jelly       |       |       |     1 |       ||     1
       Fruit             |       |       |     2 |     2 ||     4
       Meat ration       |       |       |     1 |     1 ||     2
Armor: Scale mail        |    30 |       |       |       ||    30
       Plate armour      |    46 |    93 |   220 |   122 ||   481
Dodge: Dodged            |    22 |    24 |    49 |    40 ||   135
Block: Shield            |    59 |    74 |   207 |   133 ||   473
